 Dungeon Crawl Stone Soup version 0.28.0-53-g5a82cb258f (webtiles) character file.

Game seed: 13047930184329958073

19 Gabide the Ducker (level 2, 19/19 HPs)
             Began as a Tengu Monk on June 14, 2022.
             Was an Initiate of Yredelemnul.
             Got out of the dungeon alive.
             The game lasted 00:00:52 (1076 turns).

Gabide the Ducker (Tengu Monk)                      Turns: 1076, Time: 00:00:53

Health: 19/19      AC:  5    Str: 11    XL:     2   Next: 75%
Magic:  3/3        EV: 11    Int: 10    God:    Yredelemnul [......]
Gold:   33         SH:  0    Dex: 16    Spells: 1/1 levels left

rFire   . . .      SeeInvis .   a - +0 spear
rCold   . . .      Faith    .   (no shield)
rNeg    . . .      Spirit   .   d - +0 ring mail
rPois   .          Reflect  .   (helmet restricted)
rElec   .          Harm     .   (no cloak)
rCorr   .          Rampage  .   (no gloves)
Will    .....                   (boots unavailable)
Stlth   +.........              (no amulet)
HPRegen 0.06/turn               (no ring)
MPRegen 0.08/turn               (no ring)

@: no status effects
A: beak, talons 3
a: Renounce Religion, Recall Undead Harvest


You escaped.
You worshipped Yredelemnul.
Yredelemnul was noncommittal.
You visited 1 branch of the dungeon, and saw 1 of its levels.

You collected 33 gold pieces.

Inventory:

Hand Weapons
 a - a +0 spear (weapon)
Armour
 d - a +0 ring mail (worn)
Jewellery
 h - a ring of positive energy
Scrolls
 c - a scroll of immolation {unknown}
 e - a scroll of summoning {unknown}
 f - 2 scrolls of identify {unknown}
Potions
 b - a potion of curing {unknown}
 g - a potion of might {unknown}


   Skills:
 + Level 3.2 Fighting
 + Level 3.5 Polearms
 * Level 3.9 Dodging
 - Level 2.0 Stealth


You had one spell level left.
You didn't know any spells.
Your spell library was empty.

Dungeon Overview and Level Annotations

Branches:
Dungeon (1/15)

Altars:
Yredelemnul


Innate Abilities, Weirdness & Mutations

You have a beak for a mouth.
You have claws for feet.


Message History

You swap places.
Key pressed, stopping explore.
There is an open door here.
There is an open door here.
You see here a +0 robe.
Key pressed, stopping explore.
Found a stone staircase leading down.
You swap places.
You swap places.
You swap places.
You swap places.
You swap places.
You see here a +0 robe.
You swap places.
You swap places.
You swap places.
Key pressed, stopping explore.
You swap places.
There is a stone staircase leading down here.
A kobold comes into view. It is wielding a +0 whip.
The kobold shouts!
A kobold is nearby!
You can't go up here!
You hit the kobold.
You kill the kobold!
A black mist starts to gather...
No target in view!
You see here a +0 whip.
You swap places.
Done exploring.
Done exploring.
Done exploring.
Done exploring.
No target in view!
There is an open door here.
There is a staircase leading out of the dungeon here.
Are you sure you want to leave the Dungeon?
This will make you lose the game! [Y]es or [N]o only, please.
Are you sure you want to leave the Dungeon?
This will make you lose the game!
You have escaped!

### #.# #.# #..........# #. ..#
#.# #.# #..........### ## ..# #Z#
#.###.#.####.....# ..#
#Z####.#...#..........# ###
#..Z...######.........# ########
####...#.....#### #
###......#......... #
#..Z#....#......... #
#.@.#....###....... # #...#.##.#
#....... # ##########.##.#
#....... #
#>....##......###.......
##########.###.#####....##.......
##.......#...#.#............#'#'#
##.#####.###.#.#Z##########.#.#.#
##.# #..ZZZZ..#.#........#.#.#..
...# #.Z###.###.#.######.#.#.###


You could see a friendly bat zombie.

Vanquished Creatures
  5 ball pythons (D:1)
  4 goblins (D:1)
  A hobgoblin (D:1)
  4 kobolds (D:1)
  A quokka (D:1)
  A bat (D:1)
  2 frilled lizards (D:1)
  A rat (D:1)
19 creatures vanquished.

Notes
Turn   | Place    | Note
-------+----------+-------------------------------------------
     0 | D:1      | Gabide the Tengu Monk began the quest for the Orb.
     0 | D:1      | Reached XP level 1. HP: 14/14 MP: 2/2
   213 | D:1      | Reached XP level 2. HP: 19/19 MP: 3/3
   343 | D:1      | Found a faded altar of an unknown god.
   386 | D:1      | Prayed at the altar of an unknown god.
   386 | D:1      | Became a worshipper of Yredelemnul the Dark
   386 | D:1      | Reached * piety under Yredelemnul
   386 | D:1      | Reached ** piety under Yredelemnul
  1076 | D:$      | Got out of the dungeon alive.

Illustrated notes

Levels and vault maps discovered:
D:1:      amcnicky_arrival_single_pillar, layout_basic,
          nicolae_ecumenical_snake_handling, minmay_cupped

Action                   || total
-------------------------++-------
Melee: Spear             ||    43
       Kick              ||     7
       Peck              ||     2
       Punch             ||     1
 Stab: Sleeping          ||     1
Armor: Robe              ||     1
       Ring mail         ||    12
Dodge: Dodged            ||     7
